 Dungeon Crawl Stone Soup version 0.18.1-6-gd335043 (webtiles) character file.

17688 Arkorax the Spear-Bearer (level 12, -1/103 HPs)
             Began as a Human Gladiator on May 19, 2016.
             Was a Priest of Yredelemnul.
             Slain by an unseen horror (7 damage)
             ... on level 3 of the Abyss.
             The game lasted 00:22:37 (11592 turns).

Arkorax the Spear-Bearer (Human Gladiator)         Turns: 11592, Time: 00:22:37

Health: -1/103     AC: 20    Str: 17    XL:     12   Next: 85%
Magic:  8/8        EV: 12    Int:  6    God:    Yredelemnul [***...]
Gold:   862        SH:  0    Dex: 14    Spells: 0 memorised, 11 levels left

rFire  . . .     SeeInvis .     Q - +2 glaive (venom)
rCold  + . .     Gourm    .     R - +0 plate armour
rNeg   . . .     Faith    .     (shield currently unavailable)
rPois  +         Spirit   .     c - +1 helmet
rElec  .         Dismiss  .     N - +0 cloak
rCorr  .         Reflect  .     k - +0 pair of gloves
SustAt .         Harm     .     j - +0 pair of boots
MR     .....     Rnd*Rage +     (no amulet)
Stlth  ..........               q - +5 ring of evasion
                                l - ring of protection from cold

@: very slightly contaminated, hasted, studying Polearms, very quick, not
resistant to hostile enchantments, extremely unstealthy
A: berserk 1, blurry vision 1, dopey 2, frail 1, low mp 3, poison resistance,
robust 1, weak 1
a: Recall Undead Slaves, Injury Mirror, Animate Dead, Renounce Religion


You were on level 3 of the Abyss.
You worshipped Yredelemnul.
Yredelemnul was most pleased with you.
You were not hungry.

You visited 3 branches of the dungeon, and saw 14 of its levels.
You visited the Abyss 1 time.
You also visited: Ossuary.

You collected 862 gold pieces.

Inventory:

Hand Weapons
 a - a +0 trident
 e - a +2 spear of distortion
 E - a +0 halberd
 Q - a +2 glaive of venom (weapon)
Missiles
 d - 7 throwing nets (quivered)
Armour
 c - a +1 helmet (worn)
 j - a +0 pair of boots (worn)
 k - a +0 pair of gloves (worn)
 p - a +0 buckler
 N - a +0 cloak (worn)
 R - a +0 plate armour (worn)
Jewellery
 l - a ring of protection from cold (left hand)
 q - a +5 ring of evasion (right hand)
 D - an uncursed ring of fire {unknown}
 K - an uncursed ring of stealth {unknown}
 S - an uncursed amulet of harm {unknown}
 T - an uncursed ring of protection from cold
Wands
 y - a wand of lightning (14/15)
 F - a wand of digging (1/24)
 G - a wand of confusion (30/48)
 L - a wand of paralysis (14/24)
 M - a wand of confusion (14/48)
 V - a wand of acid (7/15)
 W - a wand of polymorph (5/24)
Scrolls
 b - a scroll of fear
 g - 2 scrolls of identify
 r - a scroll of recharging
 t - 3 scrolls of remove curse
 w - 2 scrolls of magic mapping
 X - a scroll of enchant armour
 Y - a scroll of fog
Potions
 h - 3 potions of lignification
 m - a potion of mutation
 v - 4 potions of flight
 x - a potion of resistance
 B - 2 potions of cancellation
 C - 2 potions of brilliance
 O - a potion of magic
Books
 J - a book of Envenomations

   Spells                             Type                      Level
   a - Spider Form                    Transmutation/Poison         3
   b - Olgreb's Toxic Radiance        Poison                       4
   c - Alistair's Intoxication        Transmutation/Poison         5
   d - Poisonous Cloud                Conjuration/Poison/Air       6
 U - a manual of Polearms
Comestibles
 f - 2 slices of pizza
 n - 8 fruits
 o - 6 bread rations
 I - 3 beef jerkies
 P - 4 meat rations


   Skills:
 * Level 12.7 Fighting
 * Level 14.0 Polearms
 - Level 2.0 Throwing
 + Level 8.2 Armour
 - Level 3.0 Dodging
 - Level 4.2 Shields


You had 11 spell levels left.
You didn't know any spells.

Dungeon Overview and Level Annotations

Branches:
Dungeon (10/15)            Temple (1/1) D:6            Lair (3/8) D:8
  Swamp: Lair:3-6    Shoals: Lair:3-6     Snake: Lair:3-6    Spider: Lair:3-6
    Orc: D:9-12

Altars:
Ashenzari
Cheibriados
Dithmenos
Elyvilon
Fedhas
Gozag
Kikubaaqudgha
Makhleb
Nemelex Xobeh
Okawaru
Pakellas
Qazlal
Ru
Sif Muna
Trog
Vehumet
Xom
Yredelemnul
Zin
The Shining One

Portals:
Ice
Cave: Lair:2

Annotations:
Abyss:1 Erolcha, Grinder


Innate Abilities, Weirdness & Mutations

You tend to lose your temper in combat.
Your system is resistant to poisons.
You are robust (+10% HP).
[Scrolls take you a little longer to read.]
[You are very dopey. (Int -4)]
[You are frail (-10% HP).]
[Your magical capacity is extremely low (-30% MP).]
[You are weak. (Str -2)]


Message History

The wind drake exhales a fierce blast of wind!
You are blown backwards!
The wind drake flaps its wings at you. The air twists around and strikes you!
* * * LOW HITPOINT WARNING * * *
Something hits you.
* * * LOW HITPOINT WARNING * * *
Drink which item? (? for menu, Esc to quit)
Okay, then.
Drink which item? (? for menu, Esc to quit)
You feel yourself speed up. Something hits you but does no damage.
You are very lightly contaminated with residual magic.
You hit something but do no damage. Something hits you but does no damage.
The wind drake exhales a fierce blast of wind!
You are blown backwards!
Something hits you but does no damage.
A large abomination comes into view.
Something hits you!
You die...
Your body rises from the dead as a mindless zombie.

.. .X.. .. .# ...# ...
.. #.. #..# ....
..##..##..##.... ..
............. ...
.......... ##..
#..##..# . #
#...##..##@.##... ##.
#.................
...##.................
#....#..##..##..##...#
..# #..##k.##..## .##
#................ .#
##.#........(.... .
#.....##..##.)##.. #.
##..##..##..# ..


You could see a wind drake and a large abomination.

Vanquished Creatures
  A bone dragon (Abyss:3)
  2 hydras (Lair:1)
  A wretched star (Abyss:3)
  A giant orange brain (Abyss:3)
  A hill giant (D:10)
  3 spiny frogs
  2 large abominations (Abyss:3)
  A demonic crawler (Abyss:3)
  A kobold demonologist (Abyss:3)
  A komodo dragon (Lair:2)
  2 trolls
  2 two-headed ogres
  A raiju (Abyss:3)
  2 yaks (D:10)
  A spriggan (D:8)
  A hippogriff (Lair:2)
  Grum (D:10)
  A small abomination (Abyss:3)
  A hungry ghost (D:8)
  A neqoxec (Abyss:3)
  Edmund (D:6)
  4 porcupines
  An ice beast (D:8)
  A wasp (D:9)
  3 orc warriors
  A sky beast (D:7)
  2 ogres (D:6)
  2 phantoms
  4 wolves (D:10)
  A crocodile (Lair:1)
  2 big kobolds
  3 giant frogs
  A gnoll sergeant (D:10)
  2 scorpions
  15 killer bees
  4 wights (D:8)
  7 howler monkeys
  2 crimson imps (D:6)
  2 giant frog zombies
  A quasit (Abyss:3)
  2 jellies (D:6)
  4 orc priests
  Crazy Yiuf (D:4)
  2 centaur skeletons
  2 hounds (D:5)
  A giant frog skeleton (D:9)
  An iron imp (Abyss:3)
  3 iguanas
  10 orc wizards
  3 worker ants
  3 hell rats (D:8)
  6 mummies (Ossuary)
  A howler monkey zombie (D:5)
  A howler monkey skeleton (D:4)
  9 adders
  12 gnolls
  A river rat (D:8)
  3 shadow imps (D:9)
  A white imp (Abyss:3)
  An ooze (D:2)
  An adder skeleton (D:10)
  2 worms (D:2)
  A dart slug (D:4)
  2 giant geckos
  46 orcs
  5 bats (D:2)
  3 giant cockroaches
  2 gnoll zombies (Ossuary)
  6 hobgoblins
  16 jackals
  6 quokkas
  2 ball pythons
  A giant gecko zombie (D:7)
  2 giant newts
  7 goblins
  3 hobgoblin zombies (Ossuary)
  18 kobolds
  A kobold zombie (Ossuary)
  An orc zombie (Ossuary)
  A quokka zombie (D:5)
  12 rats
291 creatures vanquished.

Vanquished Creatures (others)
  A gargoyle (D:9)
  A centaur skeleton (D:10)
  2 komodo dragons (Lair:1)
  The ghost of Duskembrace the Firebug, a novice DEFE (D:4)
  An ancient zyme (Abyss:3)
  A troll (D:10)
  A raiju (Abyss:3)
  7 small abominations (Abyss:3)
  A yak (D:10)
  2 large abominations (Abyss:3)
  2 golden eyes (Abyss:3)
  2 porcupines
  An orc warrior (D:8)
  2 phantoms
  A necrophage (D:9)
  A centaur (D:9)
  An ogre (D:7)
  3 killer bees (D:9)
  A wight (D:8)
  A howler monkey (D:9)
  A hound (D:8)
  A centaur zombie (D:10)
  2 orc priests
  2 mummies (Ossuary)
  2 gnolls
  An adder (D:7)
  An ufetubus (Abyss:3)
  A worm (D:4)
  5 orcs
  A quokka (D:8)
  A hobgoblin zombie (Ossuary)
  A kobold (D:3)
  A rat (D:2)
  5 fungi
  3 lurking horrors (Abyss:3)
61 creatures vanquished.

Grand Total: 352 creatures vanquished

Notes
Turn   | Place    | Note
--------------------------------------------------------------
     0 | D:1      | Arkorax the Human Gladiator began the quest for the Orb.
     0 | D:1      | Reached XP level 1. HP: 16/16 MP: 1/1
   582 | D:1      | Reached XP level 2. HP: 22/22 MP: 2/2
   583 | D:1      | Reached skill level 1 in Armour
   849 | D:2      | Reached XP level 3. HP: 15/28 MP: 3/3
  1251 | D:2      | Reached XP level 4. HP: 34/34 MP: 4/4
  1584 | D:3      | Reached skill level 4 in Polearms
  1706 | D:3      | Noticed Grinder
  1713 | D:3      | Banished Grinder
  1713 | D:3      | Reached XP level 5. HP: 23/42 MP: 5/5
  1713 | D:3      | Reached XP level 6. HP: 26/48 MP: 6/6
  1976 | D:3      | Found a shattered altar of Ashenzari.
  2092 | D:3      | Found a deep blue altar of Sif Muna.
  2161 | D:3      | Reached skill level 5 in Polearms
  2285 | D:4      | Noticed a phantom
  2296 | D:4      | Killed a phantom
  2296 | D:4      | Reached XP level 7. HP: 55/55 MP: 7/7
  2737 | D:4      | Reached skill level 5 in Fighting
  2908 | D:4      | Noticed Duskembrace's ghost (novice DEFE)
  2910 | D:4      | Banished Duskembrace's ghost
  2922 | D:4      | Reached XP level 8. HP: 59/63 MP: 8/8
  2938 | D:4      | Noticed Crazy Yiuf
  3256 | D:4      | Killed Crazy Yiuf
  3256 | D:4      | Reached skill level 6 in Polearms
  3342 | D:5      | Entered Level 5 of the Dungeon
  4239 | D:6      | Noticed Edmund
  4265 | D:6      | Killed Edmund
  4308 | D:6      | Found a glowing silver altar of Zin.
  4347 | D:6      | Found a shimmering altar of Xom.
  4360 | D:6      | Reached skill level 7 in Polearms
  4377 | D:6      | Reached XP level 9. HP: 71/71 MP: 9/9
  4383 | D:6      | Found an ancient bone altar of Kikubaaqudgha.
  4383 | D:6      | Found a sparkling altar of Nemelex Xobeh.
  4401 | D:6      | Found an opulent altar of Gozag.
  4432 | D:6      | Found a sand-covered staircase.
  4447 | Ossuary  | Entered an ossuary
  4947 | D:6      | Found a staircase to the Ecumenical Temple.
  4952 | Temple   | Entered the Ecumenical Temple
  4998 | Temple   | Became a worshipper of Yredelemnul the Dark
  5117 | D:7      | Reached skill level 5 in Armour
  5204 | D:7      | Reached skill level 8 in Polearms
  5545 | D:8      | Reached * piety under Yredelemnul
  5592 | D:8      | Reached XP level 10. HP: 63/82 MP: 10/10
  5641 | D:8      | Found a staircase to the Lair.
  5701 | D:8      | Reached skill level 9 in Polearms
  6559 | D:9      | Noticed a gargoyle
  6604 | D:9      | Found a stormy altar of Qazlal.
  6763 | D:9      | Reached skill level 10 in Fighting
  6776 | D:9      | Reached skill level 10 in Polearms
  6792 | D:9      | Reached ** piety under Yredelemnul
  7042 | D:9      | Banished a gargoyle
  7042 | D:9      | Reached XP level 11. HP: 90/90 MP: 11/11
  7193 | D:10     | Entered Level 10 of the Dungeon
  7228 | D:10     | Noticed Grum
  7261 | D:10     | Noticed Erolcha
  7284 | D:10     | Banished Erolcha
  7303 | D:10     | Killed Grum
  7455 | D:10     | Reached skill level 1 in Shields
  7492 | D:10     | Noticed a hill giant
  7518 | D:10     | Killed a hill giant
  7613 | D:10     | Reached skill level 11 in Polearms
  7677 | D:10     | Reached *** piety under Yredelemnul
  7710 | D:10     | Noticed a death knight
  7713 | D:10     | Noticed a hill giant
  7982 | Lair:1   | Entered Level 1 of the Lair of Beasts
  8398 | Lair:1   | Noticed a six-headed hydra
  8459 | Lair:1   | Killed a six-headed hydra
  8740 | Lair:1   | Noticed an eight-headed hydra
  9017 | Lair:1   | Killed an eight-headed hydra
  9284 | Lair:1   | Reached XP level 12. HP: 97/99 MP: 12/12
  9500 | Lair:2   | Found a frozen archway.
  9525 | Lair:2   | Reached skill level 12 in Polearms
  9860 | Lair:2   | Noticed a five-headed hydra
 10079 | Lair:3   | Cast into level 3 of the Abyss (a distortion unwield)
 10370 | Abyss:3  | Noticed a giant orange brain
 10390 | Abyss:3  | Killed a giant orange brain
 10762 | Abyss:3  | Noticed a bone dragon
 10806 | Abyss:3  | Killed a bone dragon
 10806 | Abyss:3  | Reached skill level 13 in Polearms
 11165 | Abyss:3  | Noticed a blizzard demon
 11170 | Abyss:3  | Gained mutation: You tend to lose your temper in combat. [potion of mutation]
 11170 | Abyss:3  | Gained mutation: You are robust (+10% HP). [potion of mutation]
 11170 | Abyss:3  | Gained mutation: Your system is resistant to poisons. [potion of mutation]
 11253 | Abyss:3  | Noticed a wretched star
 11263 | Abyss:3  | Gained mutation: [Your magical capacity is extremely low (-30% MP).] [mutagenic glow]
 11283 | Abyss:3  | Killed a wretched star
 11483 | Abyss:3  | Noticed a bone dragon
 11503 | Abyss:3  | Noticed a large abomination
 11535 | Abyss:3  | Killed a large abomination
 11536 | Abyss:3  | Found an ancient bone altar of Kikubaaqudgha.
 11580 | Abyss:3  | Reached skill level 14 in Polearms
 11587 | Abyss:3  | HP: 5/103 [something (2)]
 11592 | Abyss:3  | Slain by an unseen horror

Skill      XL: |  1  2  3  4  5  6  7  8  9 10 11 12 |
---------------+-------------------------------------+-----
Armour         | 1 2 3 4 5 6 7 8 |  8.2
Fighting       | 3 4 5 6 8 10 11 12 | 12.7
Polearms       | 4 5 7 8 10 11 14 | 14.0
Shields        | 4 |  4.2
Throwing       | |  2.0
Dodging        | |  3.0

Action                   |  1- 3 |  4- 6 |  7- 9 | 10-12 || total
-------------------------+-------+-------+-------+-------++-------
Melee: Spear             |    68 |   138 |   450 |   622 ||  1278
       Trident           |     1 |       |       |       ||     1
       Glaive            |       |       |       |   136 ||   136
Evoke: Wand              |       |       |     2 |     2 ||     4
  Use: Potion            |       |       |     2 |    16 ||    18
       Scroll            |       |       |    13 |    15 ||    28
 Stab: Distracted        |       |       |     1 |       ||     1
  Eat: Chunk             |     1 |     3 |     7 |       ||    11
       Bread ration      |       |       |     1 |     5 ||     6
       Meat ration       |       |       |     1 |       ||     1
Armor: Leather armour    |     5 |    21 |     8 |       ||    34
       Ring mail         |       |       |    14 |       ||    14
       Chain mail        |       |       |    46 |    78 ||   124
       Plate armour      |       |       |       |   180 ||   180
Dodge: Dodged            |    29 |   107 |   173 |   292 ||   601
Block: Buckler           |       |       |       |    15 ||    15
